 Dungeon Sprint DCSS version 0.19.1 (webtiles) character file.

20905 equalderp2856 the Eviscerator (level 12, -7/58 HPs)
             Began as a Felid Fighter on Nov 30, 2016.
             Was an Initiate of Gozag.
             Mangled by a spriggan rider
             ... wielding a +1 vampiric spear
              (16 damage)
             ... in the Dungeon (Sprint IX: "|||||||||||||||||||||||||||||").
             The game lasted 00:19:28 (8042 turns).

equalderp2856 the Eviscerator (Felid Fighter)       Turns: 8042, Time: 00:19:28

Health: -7/58      AC:  3    Str: 14    XL:     12   Next: 49%
Magic:  14/14      EV: 36    Int: 11    God:    Gozag
Gold:   10643      SH:  0    Dex: 17    Spells: 0 memorised, 11 levels left
                                        Lives:  0   Deaths: 3

rFire  . . .     SeeInvis +       - Unarmed
rCold  + . .     Gourm    .     (armour unavailable)
rNeg   . . .     Faith    .     (shield unavailable)
rPois  .         Spirit   .     (helmet unavailable)
rElec  .         Reflect  .     (cloak unavailable)
rCorr  .         Harm     .     (gloves unavailable)
MR     +....     NoTele   +     (boots unavailable)
Stlth  +++++++...               (no amulet)
                                n - +2 ring of evasion
                                m - +2 ring of evasion

@: quick
A: no armour, no weapons or thrown items, stealth, claws 1, fangs 3, see
invisible, carnivore 3, speed 1, shaggy fur 3, slow metabolism 1, sharp paws
a: Potion Petition, Call Merchant, Bribe Branch, Renounce Religion


You were in the Dungeon.
You worshipped Gozag.
Gozag was extremely pleased with you.
You were full.

You visited 1 branch You collected 10643 gold pieces.

Inventory:

Jewellery
 m - a +2 ring of evasion (left paw)
 n - a +2 ring of evasion (right paw)
 r - an uncursed amulet of faith
 t - an uncursed ring of protection from magic
 u - an uncursed ring of fire
 v - an uncursed ring of fire
 w - an uncursed ring of poison resistance
Wands
 l - a wand of acid (5/15)
Scrolls
 h - a scroll of blinking
 j - 5 scrolls of remove curse
 k - 2 scrolls of amnesia
 p - 4 scrolls of fear
 q - 3 scrolls of fog
 s - 4 scrolls of enchant weapon
Potions
 a - 2 potions of might
 c - a potion of invisibility
 d - a potion of heal wounds
 e - a potion of haste
 f - 4 potions of magic
 g - 2 potions of berserk rage
 i - 2 potions of curing
 o - a potion of ambrosia
 x - a potion of cure mutation
Comestibles
 b - 11 meat rations


   Skills:
 + Level 9.8 Fighting
 + Level 16.7 Dodging
 + Level 18.5 Stealth
 + Level 25.8 Unarmed Combat
 + Level 2.0 Evocations


You had 11 spell levels left.
You didn't know any spells.

Dungeon Overview and Level Annotations

Branches:
Dungeon (1/1)

Altars:
Cheibriados
Dithmenos
Elyvilon
Fedhas
Gozag
Hepliaklqana
Kikubaaqudgha
Makhleb
Nemelex Xobeh
Okawaru
Qazlal
Ru
Sif Muna
Trog
Uskayaw
Vehumet
Xom
Yredelemnul
Zin
The Shining One
Beogh
Jiyva
Lugonu

Shops:
D !}}!


Innate Abilities, Weirdness & Mutations

You cannot wear armour.
You are incapable of wielding weapons or throwing items.
Your paws allow you to move quietly. (Stealth)
You have sharp claws.
You have razor-sharp teeth.
You have supernaturally acute eyesight. (SInv)
You are carnivorous and can eat meat at any time.
You cover ground quickly.
Your thick and shaggy fur keeps you warm. (AC +3, rC+)
You have a slow metabolism.
Your sharp claws are effective at attacking unaware monsters.


Message History

You feel better.
The spriggan rider hits you with a vampiric spear!
* * * LOW HITPOINT WARNING * * *
You feel much better.
The spriggan rider hits you with a vampiric spear!
* * * LOW HITPOINT WARNING * * *
The spriggan rider draws strength from your wounds!
You closely miss the spriggan rider.
The spriggan rider is heavily wounded.
You scratch the spriggan rider but do no damage.
The spriggan rider is heavily wounded.
The spriggan rider completely misses you.
You claw the spriggan rider!
You bite the spriggan rider, but do no damage.
The spriggan rider is severely wounded.
You scratch the spriggan rider but do no damage.
The spriggan rider is severely wounded.
The spriggan rider hits you with a vampiric spear!
You die...
Your body crumbles into a pile of gold.

♣♣♣♣♣♣♣▓▓▓▓▓▓▓▓▓▓▓▓▓▓▓▓
D.f..f'........i@.$...▓
♣♣♣♣♣♣♣▓▓▓▓▓▓▓▓▓▓▓▓▓▓.▓
.)....................▓
▓▓▓▓▓▓▓▓▓▓▓▓▓▓▓▓▓▓▓▓▓▓▓
))))))).....'...).....▓
▓▓▓▓▓▓▓▓▓▓▓▓▓▓▓▓▓▓▓▓▓(▓
)...).....).......)...▓
▓▓▓▓▓▓▓▓▓▓▓▓▓▓▓▓▓▓▓▓▓▓▓
..)))(.)'.............▓


You could see a spriggan rider.

Vanquished Creatures
  2 thorn hunters (D)
  2 stone giants (D)
  Nessos (D)
  Josephine (D)
  A hydra (D)
  2 centaur warriors (D)
  4 death yaks (D)
  A tengu warrior (D)
  A deep troll shaman (D)
  An alligator (D)
  7 orc high priests (D)
  Sonja (D)
  A skeletal warrior (D)
  An unseen horror (D)
  A sea snake (shapeshifter) (D)
  A swamp dragon (D)
  9 orc knights (D)
  A manticore (D)
  An elephant (D)
  Joseph (D)
  4 spiny frogs (D)
  A komodo dragon (D)
  A tengu conjurer (D)
  A hornet (D)
  A troll (D)
  A tyrant leech (D)
  2 hippogriffs (D)
  A bog body (D)
  2 shadows (D)
  A spriggan (D)
  3 wraiths (D)
  7 yaks (D)
  A wyvern (D)
  A hungry ghost (D)
  5 water moccasins (D)
  2 porcupines (D)
  A black bear (D)
  9 orc warriors (D)
  A centaur (D)
  A boggart (D)
  2 crocodiles (D)
  A bullfrog (D)
  A scorpion (D)
  A crimson imp (D)
  5 orc priests (D)
  A hound (D)
  4 orc wizards (D)
  2 worker ants (D)
  An adder skeleton (D)
  A leopard gecko (D)
  5 orcs (D)
  2 goblins (D)
  A frilled lizard (D)
  A kobold (D)
  A leopard gecko zombie (D)
  A rat (D)
  5 briar patches (D)
121 creatures vanquished.

Vanquished Creatures (others)
  7 briar patches (D)
7 creatures vanquished.

Grand Total: 128 creatures vanquished

Notes
Turn   | Place    | Note
-------+----------+-------------------------------------------
     0 | D        | equalderp2856 the Felid Fighter began the quest for the Orb.
     0 | D        | Reached XP level 1. HP: 10/10 MP: 2/2
    20 | D        | Noticed a worker ant
    20 | D        | Noticed a worker ant
    20 | D        | Noticed a crimson imp
    20 | D        | Noticed an orc wizard
    27 | D        | Reached skill level 5 in Unarmed Combat
    34 | D        | Killed a crimson imp
    34 | D        | Reached skill level 5 in Dodging
    34 | D        | Reached skill level 6 in Unarmed Combat
    34 | D        | Reached XP level 2. HP: 15/15 MP: 3/3
    34 | D        | Reached XP level 3. HP: 18/18 MP: 4/4
    39 | D        | Reached skill level 7 in Unarmed Combat
    39 | D        | Reached XP level 4. HP: 16/22 MP: 5/5
    44 | D        | Reached skill level 8 in Unarmed Combat
    46 | D        | HP: 1/22 [worker ant (6)]
    54 | D        | Reached skill level 5 in Fighting
   481 | D        | Found a roughly hewn altar of Beogh.
   481 | D        | Found a snail-covered altar of Cheibriados.
   481 | D        | Found a shadowy altar of Dithmenos.
   481 | D        | Found a white marble altar of Elyvilon.
   481 | D        | Found a blossoming altar of Fedhas.
   481 | D        | Found an opulent altar of Gozag.
   482 | D        | Found a hazy altar of Hepliaklqana.
   483 | D        | Found a viscous altar of Jiyva.
   484 | D        | Found an ancient bone altar of Kikubaaqudgha.
   485 | D        | Found a corrupted altar of Lugonu.
   486 | D        | Found a burning altar of Makhleb.
   487 | D        | Found a sparkling altar of Nemelex Xobeh.
   488 | D        | Found an iron altar of Okawaru.
   489 | D        | Found a stormy altar of Qazlal.
   490 | D        | Found a sacrificial altar of Ru.
   491 | D        | Found a deep blue altar of Sif Muna.
   492 | D        | Found a bloodstained altar of Trog.
   493 | D        | Found a hide-covered altar of Uskayaw.
   494 | D        | Found a radiant altar of Vehumet.
   495 | D        | Found a shimmering altar of Xom.
   496 | D        | Found a basalt altar of Yredelemnul.
   497 | D        | Found a glowing silver altar of Zin.
   498 | D        | Found a glowing golden altar of the Shining One.
   523 | D        | Noticed a crocodile
   523 | D        | Noticed a yak
   523 | D        | Noticed a hippogriff
   523 | D        | Noticed a yak
   813 | D        | Became a worshipper of Gozag Ym Sagoz the Greedy
  1079 | D        | Killed a yak
  1079 | D        | Reached skill level 10 in Unarmed Combat
  1079 | D        | Reached XP level 5. HP: 25/27 MP: 6/6
  1087 | D        | Killed a hippogriff
  1087 | D        | Reached skill level 12 in Unarmed Combat
  1087 | D        | Gained mutation: You are covered in thick fur. (AC +2) [Felid growth]
  1087 | D        | Reached XP level 6. HP: 24/31 MP: 7/7
  1094 | D        | Killed a yak
  1094 | D        | Reached XP level 7. HP: 12/35 MP: 8/8
  1437 | D        | Noticed an unseen horror
  1437 | D        | Noticed a shadow
  1437 | D        | Noticed a troll
  1439 | D        | Killed a troll
  1439 | D        | Reached skill level 10 in Dodging
  1439 | D        | Reached skill level 5 in Stealth
  1439 | D        | Reached skill level 13 in Unarmed Combat
  1449 | D        | Killed a shadow
  1449 | D        | Reached skill level 14 in Unarmed Combat
  1449 | D        | Reached XP level 8. HP: 32/39 MP: 9/9
  1457 | D        | Killed an unseen horror
  1457 | D        | Reached skill level 15 in Unarmed Combat
  1635 | D        | Noticed a spiny frog
  1635 | D        | Noticed a spiny frog
  1635 | D        | Noticed a spiny frog
  1649 | D        | Noticed a hippogriff
  1863 | D        | Killed a spiny frog
  1863 | D        | Reached XP level 9. HP: 6/43 MP: 10/10
  2194 | D        | Killed a spiny frog
  2194 | D        | Reached skill level 16 in Unarmed Combat
  2383 | D        | Killed a spiny frog
  2416 | D        | Reached skill level 17 in Unarmed Combat
  2527 | D        | Noticed an elephant
  2527 | D        | Noticed a seven-headed hydra
  2528 | D        | Noticed a spiny frog
  2541 | D        | Killed a seven-headed hydra
  2541 | D        | Reached skill level 10 in Stealth
  2541 | D        | Reached XP level 10. HP: 23/48 MP: 11/11
  2546 | D        | Killed an elephant
  2546 | D        | Reached skill level 18 in Unarmed Combat
  2759 | D        | Killed a spiny frog
  2987 | D        | Noticed a death yak
  2987 | D        | Noticed a catoblepas
  2987 | D        | Noticed a death yak
  2987 | D        | Noticed a death yak
  2988 | D        | Noticed a death yak
  3515 | D        | Killed a death yak
  3515 | D        | Reached skill level 1 in Evocations
  3632 | D        | Reached skill level 19 in Unarmed Combat
  3803 | D        | Killed a death yak
  3832 | D        | Slain by a catoblepas
  3833 | D        | Reached XP level 9. HP: -2/45 MP: 11/11
  4018 | D        | Killed a death yak
  4018 | D        | Reached XP level 10. HP: 19/49 MP: 12/12
  4427 | D        | Killed a death yak
  4451 | D        | Slain by a catoblepas
  4452 | D        | Reached XP level 9. HP: -5/45 MP: 11/11
  4489 | D        | Noticed Josephine
  4498 | D        | Reached skill level 20 in Unarmed Combat
  4507 | D        | Killed Josephine
  4678 | D        | Found Zumazxou's Distillery.
  4678 | D        | Noticed an orc knight
  4678 | D        | Noticed an orc high priest
  4678 | D        | Noticed an orc high priest
  4678 | D        | Noticed an orc high priest
  4678 | D        | Noticed an orc knight
  4679 | D        | Noticed an orc knight
  4680 | D        | Killed an orc knight
  4680 | D        | Reached XP level 10. HP: 48/49 MP: 12/12
  4681 | D        | Found Rapsitos's Gadget Boutique.
  4684 | D        | Noticed a sun demon
  4684 | D        | Noticed an orc knight
  4686 | D        | Killed an orc high priest
  4692 | D        | Noticed an orc knight
  4692 | D        | Killed an orc high priest
  4692 | D        | Reached skill level 15 in Dodging
  4692 | D        | Reached skill level 21 in Unarmed Combat
  4695 | D        | Noticed an orange demon
  4696 | D        | Noticed an orc knight
  4696 | D        | Killed an orc high priest
  4822 | D        | Killed an orc knight
  4847 | D        | Killed an orc knight
  4893 | D        | Killed an orc knight
  4973 | D        | Killed an orc knight
  5009 | D        | Killed an orc knight
  5009 | D        | Reached XP level 11. HP: 35/53 MP: 13/13
  5072 | D        | Noticed an orc high priest
  5083 | D        | Killed an orc high priest
  5083 | D        | Reached skill level 22 in Unarmed Combat
  5145 | D        | Noticed an orc high priest
  5160 | D        | Killed an orc high priest
  5200 | D        | Found Yfizususs's Gadget Shop.
  5204 | D        | Found Napnu's Distillery.
  5210 | D        | Noticed an orc high priest
  5211 | D        | Noticed an orc high priest
  5219 | D        | Noticed a sun demon
  5231 | D        | Killed an orc high priest
  5522 | D        | Killed an orc high priest
  5555 | D        | Noticed an orc knight
  5573 | D        | Noticed an orc knight
  5602 | D        | Mangled by an orc knight
  5603 | D        | Reached XP level 10. HP: -7/49 MP: 12/12
  5605 | D        | Noticed Joseph
  5612 | D        | Killed Joseph
  5772 | D        | Noticed an orc knight
  5773 | D        | Noticed a stone giant
  5786 | D        | Killed an orc knight
  5786 | D        | Reached skill level 15 in Stealth
  5786 | D        | Reached skill level 23 in Unarmed Combat
  6063 | D        | Killed a stone giant
  6317 | D        | Killed an orc knight
  6317 | D        | Reached XP level 11. HP: 53/53 MP: 13/13
  6485 | D        | Killed an orc knight
  6674 | D        | Noticed a skeletal warrior
  6676 | D        | Killed a skeletal warrior
  6677 | D        | Noticed a tengu warrior
  6679 | D        | Noticed a centaur warrior
  6835 | D        | Killed a tengu warrior
  7000 | D        | Killed a centaur warrior
  7000 | D        | Reached skill level 24 in Unarmed Combat
  7124 | D        | Noticed a stone giant
  7158 | D        | Killed a stone giant
  7227 | D        | Noticed a spark wasp
  7376 | D        | Noticed a sea snake
  7393 | D        | Killed a sea snake
  7396 | D        | Noticed a deep troll shaman
  7405 | D        | Killed a deep troll shaman
  7501 | D        | Noticed a centaur warrior
  7506 | D        | Killed a centaur warrior
  7596 | D        | Noticed Nessos
  7601 | D        | Noticed Sonja
  7603 | D        | Killed Nessos
  7603 | D        | Gained mutation: Your thick and shaggy fur keeps you warm. (AC +3, rC+) [Felid growth]
  7603 | D        | Reached XP level 12. HP: 58/58 MP: 14/14
  7606 | D        | Killed Sonja
  7659 | D        | Noticed a thorn hunter
  7659 | D        | Noticed a thorn hunter
  7659 | D        | Noticed an alligator
  7661 | D        | Reached skill level 25 in Unarmed Combat
  7713 | D        | Killed an alligator
  7869 | D        | Killed a thorn hunter
  7921 | D        | Killed a thorn hunter
  8042 | D        | Mangled by a spriggan rider

Skill      XL: |  1  2  3  4  5  6  7  8  9 10 11 12 |
---------------+-------------------------------------+-----
Unarmed Combat | 6 7 10 12 14 15 20 23 24 25 | 25.8
Fighting       | 4 5 6 7 9 |  9.8
Dodging        | 5 7 9 10 12 13 15 16 | 16.7
Stealth        | 2 3 4 5 7 13 15 17 18 | 18.5
Evocations     | 2 1 |  2.0

Action                   |  1- 3 |  4- 6 |  7- 9 | 10-12 || total
-------------------------+-------+-------+-------+-------++-------
Melee: Unarmed           |    27 |    57 |   108 |   381 ||   573
       Bite              |     1 |     9 |    14 |    50 ||    74
       Punch             |       |     3 |     6 |    51 ||    60
Evoke: Wand              |       |       |     1 |     1 ||     2
  Use: Potion            |       |     3 |     3 |     8 ||    14
       Scroll            |       |       |       |     2 ||     2
 Stab: Sleeping          |       |       |     4 |     7 ||    11
       Distracted        |       |       |     3 |     9 ||    12
  Eat: Meat ration       |       |       |     1 |     1 ||     2
Armor: Skin              |     1 |       |     2 |     4 ||     7
Dodge: Dodged            |    19 |    47 |    70 |   187 ||   323
